 Dungeon Crawl Stone Soup version 0.28-a0-1227-ga9037bb4c8 (webtiles) character file.

Game seed: 14446906838564563544

36 ChaosChampion the Insei (level 3, 0/24 HPs)
             Began as an Octopode Transmuter on Dec 22, 2021.
             Slain by an adder (1 damage)
             ... on level 2 of the Dungeon.
             The game lasted 00:00:52 (1136 turns).

ChaosChampion the Insei (Octopode Transmuter)       Turns: 1136, Time: 00:00:53

Health: 0/24       AC:  1    Str:  9    XL:     3   Next: 37%
Magic:  6/6        EV: 13    Int: 17    God:
Gold:   54         SH:  0    Dex: 12    Spells: 3/6 levels left

rFire   . . .      SeeInvis .     - Unarmed
rCold   . . .      Faith    .   (no shield)
rNeg    . . .      Spirit   .   (helmet restricted)
rPois   .          Reflect  .   (no amulet)
rElec   .          Harm     .   (no ring)
rCorr   .          Rampage  .   (no ring)
Will    .....                   (no ring)
Stlth   ++........              (no ring)
HPRegen 0.08/turn               (no ring)
MPRegen 0.10/turn               (no ring)
                                (no ring)
                                (no ring)

@: no status effects
A: almost no armour, amphibious, 8 rings, camouflage 1, gelatinous body 1,
(nimble swimmer 1), tentacles
a: no special abilities


You were on level 2 of the Dungeon.
You visited 1 branch of the dungeon, and saw 2 of its levels.

You collected 54 gold pieces.

Inventory:

Scrolls
 a - a scroll of immolation {unknown}
Potions
 b - 3 potions of haste {unknown}
 c - a potion of ambrosia {unknown}
 d - a potion of cancellation {unknown}


   Skills:
 + Level 1.7 Fighting
 + Level 2.4 Dodging
 * Level 3.7 Unarmed Combat
 - Level 2.0 Spellcasting
 - Level 2.0 Transmutations


You had 3 spell levels left.
You knew the following spells:

 Your Spells              Type           Power      Damage    Failure   Level
a - Beastly Appendage     Tmut           16%        N/A       9%          1
b - Wereblood             Tmut           8%         N/A       13%         2

Your spell library contained the following spells:

 Spells                   Type           Power      Damage    Failure   Level
 Ensorcelled Hibernation  Hex/Ice        2%         N/A       28%         2
 Spider Form              Tmut/Pois      5%         N/A       36%         3
 Stone Arrow              Conj/Erth      2%         3d7       50%         3
 Ice Form                 Ice/Tmut       5%         N/A       77%         4
 Lehudib's Crystal Spear  Conj/Erth      0%         10d2      100%        8
 Animate Armour           Summ/Erth      Unusable   N/A       N/A         4

Dungeon Overview and Level Annotations

Branches:
Dungeon (2/15)

Altars:


Innate Abilities, Weirdness & Mutations

You cannot wear most types of armour.
You are amphibious.
You can wear up to eight rings at the same time.
Your skin changes colour to match your surroundings (Stealth+).
Your rubbery body absorbs attacks. (AC +1, EV +1)
((You are camouflaged when in or above water. (Stealth+)))
You have tentacles for arms and can constrict up to eight enemies at once.


Message History

There is an open door here.
A ball python comes into view.
The ball python hisses angrily.
A ball python is nearby!
You tentacle-slap the ball python.
You kill the ball python!
No target in view!
You see here a ball python corpse.
Found a stone staircase leading up.
A worm comes into view.
A worm is nearby!
Found a fuming coppery potion and a scroll labelled TYUSKE ALEOX.
An adder comes into view.
The adder hisses angrily.
Found an escape hatch in the ceiling.
You tentacle-slap the worm. Your grab misses the worm. You squeeze the worm.
The worm is moderately wounded.
The worm bites you.
You tentacle-slap the worm but do no damage.
Your grab misses the worm.
The worm is moderately wounded.
You completely miss the worm. You grab the worm.
The worm is moderately wounded.
You constrict the worm. The adder bites you. The worm misses you.
You tentacle-slap the worm.
The worm is heavily wounded.
You constrict the worm. The adder bites you.
You tentacle-slap the worm.
The worm is heavily wounded.
You constrict the worm. The adder bites you but does no damage.
The worm bites you!
* * * LOW HITPOINT WARNING * * *
The adder bites you.
* * * LOW HITPOINT WARNING * * *
You are too injured to fight recklessly!
There are monsters nearby!
There are monsters nearby!
You release your grip on the worm.
The adder bites you.
You die...

#..'........) #.##...######
.... #.###### # ...< #.# #
..... #.# ##### ..... #.#
#...# ...... #.#######.#.#
......##########......>..†..
........w.S@...†............
#..........############...
#..........# #.##
#!.........# #...
#........<..?. ####
#..........##.# #..........#
# #..........# #####.####.#


You could see a worm and an adder.

Vanquished Creatures
  2 dart slugs (D:1)
  4 bats
  4 endoplasms (D:1)
  2 giant cockroaches (D:1)
  3 goblins
  3 hobgoblins (D:1)
  2 jackals (D:1)
  4 ball pythons
  3 frilled lizards (D:1)
  A rat (D:1)
28 creatures vanquished.

Notes
Turn   | Place    | Note
-------+----------+-------------------------------------------
     0 | D:1      | ChaosChampion the Octopode Transmuter began the quest for
                  | the Orb.
     0 | D:1      | Reached XP level 1. HP: 13/13 MP: 3/3
   156 | D:1      | Reached XP level 2. HP: 12/18 MP: 5/5
   159 | D:1      | Learned a level 2 spell: Wereblood
   707 | D:1      | Reached XP level 3. HP: 20/23 MP: 6/6
   937 | D:1      | Found a faded altar of an unknown god.
  1132 | D:2      | HP: 1/24 [adder (4)]
  1136 | D:2      | Slain by an adder

Illustrated notes

Levels and vault maps discovered:
D:1:      roderic_chinese_lattice_arrival, layout_rooms,
          dilly_ecumenical_altar_fadedgnrine, minmay_pentomino_q2
D:2:      layout_basic

Action                   || total
-------------------------++-------
Melee: Unarmed           ||    51
       Tentacles         ||    14
       Constrict         ||    10
       Punch             ||     1
       Kick              ||     3
 Cast: Beastly Appendage ||     2
 Stab: Sleeping          ||     9
Armor: Skin              ||     3
Dodge: Dodged            ||    16

Table legend: (Time is in decaauts)
 A = Elapsed time spent in this place.
 B = Non-inter-level travel time spent in this place.
 C = Inter-level travel time spent in this place.
 D = Time resting spent in this place.
 E = Time spent auto-exploring this place.
 F = Levels seen in this place.
 G = Mean time per level.
                   A        B        C        D        E       F      G
               +--------+--------+--------+--------+--------+-----+--------+
         Total |   1132 |   1108 |     24 |      0 |    934 |   2 |  566.0 |
       Dungeon |   1132 |   1108 |     24 |      0 |    934 |   2 |  566.0 |
               +--------+--------+--------+--------+--------+-----+--------+

Top non-repeatable levels by time:
     D:1: 1069 daAuts
     D:2: 62 daAuts
